 Dungeon Crawl Stone Soup version 0.22.1-1-ga44c0e56f4 (webtiles) character file.

122 Mjsee792 the Shield-Bearer (level 4, -2/41 HPs)
             Began as a Minotaur Fighter on Oct 14, 2018.
             Slain by an adder (3 damage)
             ... on level 3 of the Dungeon.
             The game lasted 00:02:47 (1895 turns).

Mjsee792 the Shield-Bearer (Minotaur Fighter)       Turns: 1895, Time: 00:02:48

Health: -2/41      AC:  9    Str: 21    XL:     4   Next: 78%
Magic:  3/3        EV:  7    Int:  5    God:
Gold:   130        SH: 10    Dex: 10    Spells: 3/3 levels left

rFire    . . .     SeeInvis .   a - +0 war axe
rCold    . . .     Gourm    .   c - +0 shield
rNeg     . . .     Faith    .   i - +2 scale mail {rPois}
rPois    +         Spirit   .   (helmet restricted)
rElec    .         Reflect  .   (no cloak)
rCorr    .         Harm     .   (no gloves)
MR       .....                  (no boots)
Stlth    ..........             (no amulet)
HPRegen  0.13/turn              (no ring)
MPRegen  0.08/turn              (no ring)

@: lethally poisoned (-2 -> -7)
A: retaliatory headbutt, horns 2
a: no special abilities


You were on level 3 of the Dungeon.
You were very hungry.

You visited 1 branch of the dungeon, and saw 3 of its levels.

You collected 130 gold pieces.

Inventory:

Hand Weapons
 a - a +0 war axe (weapon)
Armour
 c - a +0 shield (worn)
 i - a +2 scale mail of poison resistance (worn)
Scrolls
 b - a scroll of fear {unknown}
 e - a scroll of enchant armour {unknown}
 g - 3 scrolls of remove curse {unknown}
 j - 3 scrolls of identify {unknown}
 k - a scroll of magic mapping {unknown}
 l - a scroll of teleportation {unknown}
Potions
 d - a potion of might
 h - a potion of heal wounds {unknown}
 m - 2 potions of curing {unknown}
 n - 3 potions of berserk rage {unknown}
 o - a potion of magic {unknown}
Comestibles
 f - 6 rations


   Skills:
 + Level 4.6 Fighting
 - Level 2.4 Axes
 + Level 4.8 Armour
 + Level 5.1 Shields


You had 3 spell levels left.
You didn't know any spells.
Your spell library was empty.

Dungeon Overview and Level Annotations

Branches:
Dungeon (3/15)

Altars:
Qazlal
Zin


Innate Abilities, Weirdness & Mutations

You reflexively headbutt those who attack you in melee.
You have a pair of horns on your head.


Message History

You miss the adder.
You feel sick. The adder bites you.
A kobold comes into view. It is wielding a short sword.
The gnoll hits you with a halberd of venom!
* * * LOW HITPOINT WARNING * * *
The adder bites you but does no damage.
Unknown command.
You closely miss the gnoll.
The gnoll is severely wounded.
You miss the adder.
You feel sick.
The kobold shouts!
The gnoll closely misses you. You furiously retaliate!
You headbutt the gnoll. You block the adder's attack. x2
The gnoll hits you with a halberd of venom!
* * * LOW HITPOINT WARNING * * *
You hit the gnoll. You headbutt the gnoll.
You kill the gnoll!
You barely miss the adder.
* * * LOW HITPOINT WARNING * * *
You feel sick. The adder barely misses you. The adder bites you.
You die...

##..........#
##...........##
...............
..............#
..........K..
..........#
.......<..#
..........#
#(.....@).#
#.....)S)..#
.............#
##..<..........
#.......###..#
##.<..... ...
###.#### .. ..


You could see an adder and a kobold.

Vanquished Creatures
  5 gnolls
  2 adders (D:2)
  A dart slug (D:1)
  2 worms (D:2)
  A leopard gecko (D:1)
  4 bats
  5 giant cockroaches
  5 goblins (D:1)
  6 hobgoblins (D:1)
  4 jackals (D:1)
  4 kobolds
  3 frilled lizards
  5 rats
47 creatures vanquished.

Notes
Turn   | Place    | Note
-------+----------+-------------------------------------------
     0 | D:1      | Mjsee792 the Minotaur Fighter began the quest for the Orb.
     0 | D:1      | Reached XP level 1. HP: 19/19 MP: 0/0
    86 | D:1      | Reached XP level 2. HP: 27/27 MP: 1/1
   124 | D:1      | Reached skill level 4 in Shields
   441 | D:1      | Reached XP level 3. HP: 33/33 MP: 2/2
   822 | D:2      | Found a stormy altar of Qazlal.
  1304 | D:2      | Reached XP level 4. HP: 39/41 MP: 3/3
  1408 | D:2      | Found a glowing silver altar of Zin.
  1409 | D:2      | Noticed an angel
  1889 | D:3      | Reached skill level 5 in Shields
  1894 | D:3      | HP: 1/41 [gnoll/halberd of venom (7)]
  1895 | D:3      | Slain by an adder

Skill      XL: |  1  2  3  4 |
---------------+-------------+-----
Shields        | 4 5 |  5.1
Armour         | 4 |  4.8
Fighting       | 4 |  4.6
Axes           | |  2.4

Action                   |  1- 3 |  4- 6 || total
-------------------------+-------+-------++-------
Melee: War axe           |    79 |    29 ||   108
       Headbutt          |    10 |     2 ||    12
  Eat: Chunk             |       |     2 ||     2
Armor: Scale mail        |    39 |    24 ||    63
Dodge: Dodged            |    22 |    14 ||    36
Block: Shield            |    45 |    28 ||    73
